 Dungeon Crawl Stone Soup version 0.25.1-2-g60ff931df9 (webtiles) character file.

Game seed: 16808339244425569010

825 Acheron the Ruffian (level 7, -15/62 HPs)
             Began as a Troll Earth Elementalist on July 29, 2020.
             Demolished by an ogre
             ... wielding a +0 giant spiked club
              (24 damage)
             ... on level 4 of the Dungeon.
             The game lasted 00:23:43 (4274 turns).

Acheron the Ruffian (Troll Earth Elementalist)      Turns: 4274, Time: 00:23:44

Health: -15/62     AC:  6    Str: 17    XL:     7   Next: 64%
Magic:  9/9        EV: 11    Int: 12    God:
Gold:   326        SH:  0    Dex: 11    Spells: 4/10 levels left

rFire    . . .     SeeInvis .     - Unarmed
rCold    + . .     Gourm    +   (no shield)
rNeg     . . .     Faith    .   c - +0 robe
rPois    .         Spirit   .   (helmet restricted)
rElec    .         Reflect  .   (no cloak)
rCorr    .         Harm     .   (gloves unavailable)
MR       .....                  (boots unavailable)
Stlth    ++........             (no amulet)
HPRegen  0.60/turn              a - ring of protection from cold
MPRegen  0.11/turn              (no ring)

@: about to teleport
A: large, unfitting armour, claws 3, fast metabolism 3, gourmand, regeneration
1, shaggy fur 1, tough skin 3
a: no special abilities


You were on level 4 of the Dungeon.
You were very full.

You visited 1 branch of the dungeon, and saw 5 of its levels.
You also visited: Sewer.

You collected 326 gold pieces.

Inventory:

Hand Weapons
 j - a +0 short sword
 A - a +0 short sword
Missiles
 b - 121 stones
 h - 3 large rocks
 l - 62 arrows
 r - 6 boomerangs (quivered)
Armour
 c - a +0 robe (worn)
 q - a +0 tower shield
Jewellery
 a - a ring of protection from cold (left claw)
Wands
 k - a wand of acid (6)
 n - a wand of enslavement (5)
Scrolls
 f - 3 scrolls of remove curse
 m - 2 scrolls of teleportation
 w - 2 scrolls of fog
 x - a scroll of fear {unknown}
 y - a scroll of enchant weapon {unknown}
 z - a scroll of immolation {unknown}
Potions
 e - 2 potions of cancellation
 g - a potion of degeneration {unknown}
 i - 2 potions of brilliance {unknown}
 o - 2 potions of lignification
 p - a potion of berserk rage {unknown}
 s - 2 potions of heal wounds {unknown}
 u - 5 potions of magic
 v - 2 potions of might {unknown}
Comestibles
 d - 6 rations
 t - 5 chunks of flesh


   Skills:
 * Level 1.5 Fighting
 * Level 1.9 Throwing
 * Level 3.4 Dodging
 * Level 1.7 Stealth
 + Level 0.3 Shields
 * Level 4.4 Unarmed Combat
 * Level 2.0 Spellcasting
 + Level 0.6 Transmutations
 * Level 3.7 Earth Magic
 * Level 1.2 Evocations


You had 4 spell levels left.
You knew the following spells:

 Your Spells              Type           Power        Failure   Level  Hunger
a - Sandblast             Erth           ##....       6%          1    ##.....
b - Passwall              Tmut/Erth      #.......     17%         2    ###....
c - Stone Arrow           Conj/Erth      #.....       36%         3    ####...

Your spell library contained the following spells:

 Spells                   Type           Power        Failure   Level  Hunger
 Petrify                  Tmut/Erth      #.......     73%         4    #####..
 Lee's Rapid Deconstruct  Erth           ##........   85%         5    ######.


Dungeon Overview and Level Annotations

Branches:
Dungeon (5/15)              Sewer (visited)
 Temple: D:4-7

Altars:
Uskayaw

Shops:
D:4 (:[*

Annotations:
D:4 exclusion: downstairs
D:5 Sigmund


Innate Abilities, Weirdness & Mutations

You are too large for most types of armour.
You have claws for hands.
Your metabolism is lightning-fast.
You like to eat raw meat.
Your natural rate of healing is unusually fast.
You are covered in fur. (AC +1)
You have extremely tough skin. (AC +3)


Message History

Beogh smites you!
You barely miss the ogre. The orc hits you but does no damage.
The ogre hits you with a +0 giant spiked club.
Unknown command.
You closely miss the orc.
There is an open door here.
You see here an adder skeleton.
You claw the ogre!
The ogre is heavily wounded.
The ogre closely misses you.
You barely miss the ogre.
The ogre is heavily wounded.
The ogre hits you with a +0 giant spiked club!!
* * * LOW HITPOINT WARNING * * *
It was a potion of magic.
Magic courses through your body.
The orc priest begins to cast a cantrip, but forgets the words!
As you read the scroll of teleportation, it crumbles to dust.
You feel strangely unstable.
The ogre hits you with a +0 giant spiked club!!
You die...

#.$.$.$.# #.
#..$.$..##.. #.
#.$.....'... #.
#.[O..# #. ##..)##
###. ##)######
#... #.†....# #.##
#......########
#..#
#.....ooO@....+
##.#
#......####'####
#.# #......#
##..).## #.#
#......###......##
#####.#
#########........#
#...... #........#
#...... #........#
#...... #........#
#...... ##......##
#......


You could see an ogre, an orc priest and an orc.

Vanquished Creatures
  An ice beast (D:4)
  2 bullfrogs (Sewer)
  A howler monkey (D:5)
  A hound (D:4)
  A bullfrog skeleton (D:4)
  An orc wizard (D:4)
  4 worker ants (D:4)
  14 river rats
  16 adders
  3 oozes
  4 worms
  2 dart slugs (D:1)
  2 leopard geckos
  6 orcs (D:4)
  8 ball pythons
  A giant cockroach (D:1)
  5 goblins
  6 hobgoblins
  9 bats
  6 frilled lizards
  10 kobolds
  A leopard gecko skeleton (D:4)
  A quokka skeleton (D:4)
  28 rats
133 creatures vanquished.

Vanquished Creatures (others)
  A river rat (D:4)
1 creature vanquished.

Grand Total: 134 creatures vanquished

Notes
Turn   | Place    | Note
-------+----------+-------------------------------------------
     0 | D:1      | Acheron the Troll Earth Elementalist began the quest for
                  | the Orb.
     0 | D:1      | Reached XP level 1. HP: 16/16 MP: 1/1
   326 | D:1      | Reached XP level 2. HP: 23/24 MP: 2/2
   527 | D:1      | Reached skill level 1 in Unarmed Combat
   834 | D:1      | Reached XP level 3. HP: 31/31 MP: 4/4
  2062 | D:4      | Reached XP level 4. HP: 37/39 MP: 5/5
  2077 | D:4      | Found Adeuled's Antique Armour Boutique.
  2103 | D:4      | Noticed a +0 hand axe
  2104 | D:4      | Noticed a +0 hand axe
  2106 | D:4      | Found a hide-covered altar of Uskayaw.
  2112 | D:4      | Reached skill level 2 in Unarmed Combat
  2183 | D:4      | Found Lynutrith's Book Shoppe.
  2202 | D:4      | Reached skill level 1 in Throwing
  2202 | D:4      | Reached XP level 5. HP: 44/46 MP: 6/6
  2298 | D:4      | Found Saurhikh's Antique Weapon Emporium.
  2301 | D:5      | Entered Level 5 of the Dungeon
  2301 | D:5      | Noticed Sigmund
  2345 | D:4      | Found Guntus's Assorted Antiques.
  2545 | D:4      | Reached skill level 3 in Unarmed Combat
  2588 | D:4      | Found a glowing drain.
  2595 | Sewer    | Entered a sewer
  2635 | Sewer    | Reached XP level 6. HP: 47/54 MP: 7/7
  3111 | Sewer    | Reached skill level 1 in Fighting
  3278 | Sewer    | HP: 4/82 [poisoned by an adder]
  3643 | Sewer    | Reached skill level 1 in Evocations
  3643 | Sewer    | Reached XP level 7. HP: 49/62 MP: 8/8
  3922 | D:4      | Reached skill level 4 in Unarmed Combat
  3945 | D:4      | Learned a level 2 spell: Passwall
  3949 | D:4      | Learned a level 3 spell: Stone Arrow
  4274 | D:4      | Demolished by an ogre

Illustrated notes

Levels and vault maps discovered:
D:1:      erik_arrival_orb_chamber, layout_basic, minmay_vboxes
D:2:      layout_loops_ring
D:3:      layout_rooms, gammafunk_temple_overflow_claw, first_ration,
          grunt_decor_one_mirror
D:4:      minmay_polygon_palace, layout_basic, dancing_weapons_uskayaw,
          lightli_sewer_entry_pipes, serial_shops, shop, shop, shop, shop_statue
D:5:      cheibrodos_thug_alley, layout_basic,
          minmay_fractal_squares_diagonal_5, uniq_prince_ribbit1, uniq_sigmund

Skill      XL: |  1  2  3  4  5  6  7 |
---------------+----------------------+-----
Earth Magic    | 3 |  3.7
Unarmed Combat | 1 2 3 4 |  4.4
Dodging        | 2 3 |  3.4
Throwing       | 1 |  1.9
Fighting       | 1 |  1.5
Evocations     | 1 |  1.2
Spellcasting   | 2 |  2.0
Stealth        | |  1.7
Shields        | |  0.3
Transmutations | |  0.6

Action                   |  1- 3 |  4- 6 |  7- 9 || total
-------------------------+-------+-------+-------++-------
Melee: Unarmed           |   152 |   231 |    92 ||   475
       Punch             |       |     4 |       ||     4
Throw: Boomerang         |       |    10 |    12 ||    22
       Large rock        |       |       |     2 ||     2
 Cast: Sandblast         |       |    21 |     4 ||    25
Evoke: Wand              |       |     1 |       ||     1
  Use: Scroll            |     3 |     5 |     1 ||     9
       Potion            |       |     2 |     1 ||     3
 Stab: Sleeping          |     3 |     1 |     1 ||     5
  Eat: Chunk             |    23 |    18 |     5 ||    46
Armor: Robe              |   146 |   143 |    29 ||   318
Dodge: Dodged            |   171 |   182 |    64 ||   417
